 Dungeon Crawl Stone Soup version 0.30-a0-310-g7d6cbdfea6 (webtiles) character file.

Game seed: 7764495567972660096

149 DapperDog the Slasher (level 5, -3/45 HPs)
             Began as a Minotaur Gladiator on Oct 24, 2022.
             Slain by Terence
             ... wielding a +0 hand axe
              (8 damage)
             ... on level 2 of the Dungeon.
             The game lasted 00:16:57 (1595 turns).

DapperDog the Slasher (Minotaur Gladiator)          Turns: 1595, Time: 00:16:57

Health: -3/45      AC:  9    Str: 26    XL:     5   Next: 9%
Magic:  4/4        EV:  9    Int:  5    God:
Gold:   106        SH:  0    Dex: 12    Spells: 4/4 levels left

rFire   . . .      SeeInvis .    a - +0 long sword
rCold   . . .      Faith    .    (no shield)
rNeg    . . .      Spirit   .    n - +0 chain mail
rPois   .          Reflect  .    c - +0 hat
rElec   .          Harm     .    (no cloak)
rCorr   .          Rampage  .    (no gloves)
Will    .....                    (no boots)
Stlth   ..........               (no amulet)
HPRegen 0.27/turn                m - +6 ring of strength
MPRegen 0.09/turn                p - ring of flight

@: flying
A: horns 2, retaliatory headbutt
a: no special abilities


You were on level 2 of the Dungeon.
You visited 1 branch of the dungeon, and saw 2 of its levels.

You collected 106 gold pieces.

Inventory:

Hand Weapons
 a - a +0 long sword (weapon)
 k - a +0 sling
Missiles
 d - 3 throwing nets (quivered)
Armour
 c - a +0 hat (worn)
 n - a +0 chain mail (worn)
Jewellery
 b - a ring of protection from fire
 g - a +6 ring of dexterity
 m - a +6 ring of strength (left hand)
 o - a ring of positive energy
 p - a ring of flight (right hand)
Scrolls
 f - a scroll of teleportation
 q - a scroll of enchant armour {unknown}
 r - a scroll of identify {unknown}
Potions
 e - a potion of lignification {unknown}
 i - a potion of brilliance {unknown}
 l - a potion of attraction {unknown}
 s - 4 potions of curing {unknown}


   Skills:
 + Level 3.1 Fighting
 + Level 4.9 Long Blades
 + Level 2.1 Throwing
 + Level 3.0 Armour
 + Level 4.2 Dodging


You had 4 spell levels left.
You didn't know any spells.
Your spell library contained the following spells:

 Spells                   Type           Power      Damage    Failure   Level
 Summon Guardian Golem    Hex/Summ       0%         N/A       100%        3
 Orb of Destruction       Conj           0%         9d5       100%        7
 Spellforged Servitor     Conj/Summ      0%         N/A       100%        7


Dungeon Overview and Level Annotations

Branches:
Dungeon (2/15)

Altars:

Shops:
D:1 (   D:2 *

Annotations:
D:2 Terence


Innate Abilities, Weirdness & Mutations

You have a pair of horns on your head.
You reflexively headbutt those who attack you in melee.


Message History

Terence is unaffected.
The now-empty wand crumbles to dust.
The grasping roots constrict you.
You closely miss Terence.
Terence is heavily wounded.
Terence hits you but does no damage. The grasping roots constrict you.
Terence hits you with a +0 hand axe. The grasping roots constrict you.
* * * LOW HITPOINT WARNING * * *
You hit Terence but do no damage.
Terence is heavily wounded.
Terence hits you but does no damage. The grasping roots constrict you.
The grasping roots release their grip on you.
You barely miss Terence.
Terence is heavily wounded.
Terence hits you but does no damage.
You hit Terence. Your headbutt misses Terence.
Terence is severely wounded.
Terence hits you with a +0 hand axe.
* * * LOW HITPOINT WARNING * * *
You closely miss Terence.
Terence is severely wounded.
Terence barely misses you.
You hit Terence but do no damage. You headbutt Terence.
Terence is severely wounded.
Terence hits you with a +0 hand axe.
* * * LOW HITPOINT WARNING * * *
You barely miss Terence.
Terence is severely wounded.
Terence barely misses you.
You barely miss Terence.
Terence is severely wounded.
Terence hits you with a +0 hand axe.
* * * LOW HITPOINT WARNING * * *
You barely miss Terence.
Terence is severely wounded.
Terence closely misses you. Terence hits you with a +0 hand axe.
* * * LOW HITPOINT WARNING * * *
You closely miss Terence.
Terence is severely wounded.
Terence hits you with a +0 hand axe!
You die...

#.# #...# ###### #.# ##.## #.....
#.# #.# #.#### .. #.# #.# #.# ##
#.# #.# #.# #.## #.# #.# #.# #.#
.....##.# .# #.#### #.#
#......@####.#######..... ##.#
#######.@.............^## .#..
#..####.########.# .#.#
##########..# #.# #####..## .#.#
#.. ........# #.# #...#...#
.#.###.# ######..# #.# #..#.#..#
....##.########..# #.# #.#...#..
.#...............####.####..∩..##
..............#.[.#.....#.#...#.#
.#..##.....(....#.......#..#.#..#


You could see Terence.

Vanquished Creatures
  Natasha (thrice) (D:2)
  Robin (D:2)
  3 adders (D:2)
  2 endoplasms
  2 giant cockroaches
  5 goblins
  4 hobgoblins
  A quokka (D:2)
  6 ball pythons
  4 bats (D:1)
  3 frilled lizards
  5 kobolds
  2 rats
41 creatures vanquished.

Notes
Turn   | Place    | Note
-------+----------+-------------------------------------------
     0 | D:1      | DapperDog the Minotaur Gladiator began the quest for the
                  | Orb.
     0 | D:1      | Reached XP level 1. HP: 18/18 MP: 0/0
   154 | D:1      | Found Qezxucano's Antique Weapon Emporium.
   210 | D:1      | Reached XP level 2. HP: 20/25 MP: 1/1
   743 | D:2      | Reached XP level 3. HP: 30/30 MP: 2/2
   768 | D:2      | Found Nas Vefist's General Store.
   837 | D:2      | Noticed Natasha
   841 | D:2      | Killed Natasha
   842 | D:2      | Reached skill level 1 in Armour
   928 | D:2      | Noticed Terence
  1265 | D:2      | Reached XP level 4. HP: 35/38 MP: 3/3
  1271 | D:2      | Noticed Natasha
  1276 | D:2      | Killed Natasha
  1304 | D:2      | Noticed Natasha
  1314 | D:2      | Killed Natasha
  1400 | D:2      | Noticed Robin
  1416 | D:2      | Killed Robin
  1417 | D:2      | Reached XP level 5. HP: 39/45 MP: 4/4
  1595 | D:2      | Slain by Terence

Illustrated notes

Levels and vault maps discovered:
D:1:      minmay_arrival_arboretum_large, layout_basic, serial_shops,
          nicolae_shop_stone, minmay_misc_feat_x
D:2:      layout_loops_ring, serial_shops, nicolae_diamond_shop,
          minmay_fractal_squares_5, uniq_robin, uniq_terence, uniq_natasha

Skill      XL: |  1  2  3  4 |
---------------+-------------+-----
Long Blades    | 4 |  4.9
Armour         | 1 3 |  3.0
Dodging        | 4 |  4.2
Fighting       | 3 |  3.1
Throwing       | |  2.1

Action                   |  1- 3 |  4- 6 || total
-------------------------+-------+-------++-------
Melee: Long sword        |    52 |    64 ||   116
       Headbutt          |     6 |     6 ||    12
       Punch             |     1 |       ||     1
  Use: Scroll            |     3 |       ||     3
Armor: Leather armour    |    15 |       ||    15
       Chain mail        |     9 |    27 ||    36
Dodge: Dodged            |    54 |    32 ||    86

Table legend: (Time is in decaauts)
 A = Elapsed time spent in this place.
 B = Non-inter-level travel time spent in this place.
 C = Inter-level travel time spent in this place.
 D = Time resting spent in this place.
 E = Time spent auto-exploring this place.
 F = Levels seen in this place.
 G = Mean time per level.
                   A        B        C        D        E       F      G
               +--------+--------+--------+--------+--------+-----+--------+
         Total |   1617 |    405 |   1212 |      0 |     88 |   2 |  808.5 |
       Dungeon |   1617 |    405 |   1212 |      0 |     88 |   2 |  808.5 |
               +--------+--------+--------+--------+--------+-----+--------+

Top non-repeatable levels by time:
     D:2: 919 daAuts
     D:1: 698 daAuts
